cohdb
Replays
Latest Replays
All Replays
Popular Replays
Top Player Replays
Match Explorer
How It Works
Community
CoH3 Stats
Reddit
Sign in to upload your games and track your stats! →
Sign in with Steam
Match 46986915
Unlisted
Match 46986915
Overview
Messages
Build Orders
End
Construct Barracks
Selects Advanced Infantry Battlegroup
Riflemen Squad
Riflemen Squad
M1 Mortar Team
Selects Convert to Ranger Squad
Convert to Ranger Squad
Infantry Support Center
Infantry Support Center
Convert to Ranger Squad
Selects Frontline Medical Station
Frontline Medical Station
Riflemen Squad
Scout Squad
Convert to Ranger Squad
Advanced Logistics
Selects Infantry Assault
Survival Training
Ranger Squad
Infantry Assault
Construct Weapon Support Center
Selects Ammunition Storage
Selects M2A1 105mm Howitzer Emplacement
Selects Free Fire Drills
Bazooka Squad
Bazooka Squad
Improved M9 Bazooka Rockets
Engineer Squad
Acelguita
Nukepapa
Cat
Alex
0
0
Comments
sign in to comment!
No comments posted yet!